 Dungeon Crawl Stone Soup version 0.30-a0-870-gc5d4c5acee (webtiles) character file.

Game seed: 1101639276633886848

1885267 loopz the Sorcerer (level 27, 213/225 HPs)
             Began as a Gnoll Delver on Mar 12, 2023.
             Was a High Priest of Okawaru.
             Escaped with the Orb
             ... and 4 runes!
             The game lasted 05:18:13 (100659 turns).

loopz the Sorcerer (Gnoll Delver)                 Turns: 100659, Time: 05:18:13

Health: 213/225    AC: 43    Str: 17    XL:     27
Magic:  49/50      EV: 14    Int: 13    God:    Okawaru [*****.]
Gold:   1678       SH: 27    Dex: 23    Spells: 12/73 levels left

rFire   + + +      SeeInvis +    a - +9 rapier of Moral Flaws {heavy, Str+2}
rCold   + + +      Faith    .    r - +4 kite shield of the Final Continents {rElec rC++}
rNeg    + . .      Spirit   .    R - +12 gold dragon scales
rPois   +          Reflect  +    n - +2 helmet
rElec   +          Rampage  .    D - scarf {rC+ rF+}
rCorr   +                        O - +3 pair of gauntlets of War {Slay+5}
Will    +++..                    c - +2 pair of boots of the Squeaky God {god gift, +Inv rF+ rC+ Str+2}
Stlth   +                        m - amulet of reflection
HPRegen 0.57/turn                v - ring of willpower
MPRegen 0.32/turn                M - ring "Domo" {rElec rN+ rCorr Slay+2}

@: corroded, hasted, studying 3 skills, very quick
A: fangs 1, strong nose, distributed training, talons 1, see invisible, subdued
magic 1, sturdy frame 1
0: Orb of Zot
}: 4/15 runes: decaying, serpentine, slimy, silver
a: Renounce Religion, Evoke Invisibility, Heroism, Finesse, Duel


You escaped.
You worshipped Okawaru.
Okawaru was extremely pleased with you.
You visited 12 branches of the dungeon, and saw 54 of its levels.
You also visited: Bailey and Ice Cave.

You collected 9073 gold pieces.
You spent 7395 gold pieces at shops.

Inventory:

Hand Weapons
 a - the +9 rapier of Moral Flaws (weapon) {heavy, Str+2}
   (You bought it in a shop on level 14 of the Dungeon)

   Str:       It affects your strength (+2).
 b - a +8 hand crossbow of freezing
 d - a +5 demon blade of flaming
 i - the +7 flail "Widowmaker" {heavy, Int+3 SInv Stlth+}
   (You found it on level 2 of the Lair of Beasts)

   Int:       It affects your intelligence (+3).
   SInv:      It lets you see invisible.
   Stlth:     It makes you more stealthy.
 U - a +1 vampiric rapier
Missiles
 f - 33 javelins
 s - 24 boomerangs
 J - 2 throwing nets
 S - 12 curare-tipped darts
 X - 17 silver javelins (quivered) {god gift}
Armour
 c - the +2 pair of boots of the Squeaky God (worn) {god gift, +Inv rF+ rC+ Str+2}
   (Okawaru gifted it to you on level 3 of the Snake Pit)

   Str:       It affects your strength (+2).
   rF:        It protects you from fire.
   rC:        It protects you from cold.
   +Inv:      It lets you turn invisible.
 n - a +2 helmet (worn)
 r - the +4 kite shield of the Final Continents (worn) {rElec rC++}
   (You acquired it on level 3 of the Dungeon)

   rC:        It greatly protects you from cold.
   rElec:     It insulates you from electricity.
 D - a scarf of resistance (worn)
 O - the +3 pair of gauntlets of War (worn) {Slay+5}
   (You acquired it on level 1 of the Depths)

   Slay:      It affects your accuracy & damage with ranged weapons and melee
   (+5).
 R - +12 gold dragon scales (worn)
Jewellery
 e - a ring of willpower
 k - the ring "Erynna" {Wiz Int+5}
   (You found it on level 15 of the Dungeon)

   [ring of wizardry]

   It improves your spell success rate.
   Int:       It affects your intelligence (+5).
 m - an amulet of reflection (around neck)
 v - a ring of willpower (left hand)
 w - a ring of poison resistance
 B - a ring of willpower
 C - the ring "Miavoq" {MP+9 Str+6 Slay+6}
   (You found it on level 1 of the Lair of Beasts)

   [ring of strength]

   Str:       It affects your strength (+6).
   Slay:      It affects your accuracy & damage with ranged weapons and melee
   (+6).
   MP:        It affects your magic capacity (+9).
 E - an amulet of faith
 F - a ring of protection from cold
 I - the ring of the Cricket {rF+ rCorr}
   (You found it on level 14 of the Dungeon)

   [ring of protection from fire]

   rF:        It protects you from fire.
   rCorr:     It protects you from acid and corrosion.
 M - the ring "Domo" (right hand) {rElec rN+ rCorr Slay+2}
   (You took it off a deep elf high priest on level 3 of the Elven Halls)

   [ring of positive energy]

   Slay:      It affects your accuracy & damage with ranged weapons and melee
   (+2).
   rElec:     It insulates you from electricity.
   rN:        It protects you from negative energy.
   rCorr:     It protects you from acid and corrosion.
 Y - an amulet of regeneration
Wands
 g - a wand of digging (24)
 G - a wand of roots (10)
 P - a wand of mindburst (36)
 W - a wand of light (28)
Scrolls
 j - 9 scrolls of poison
 l - 17 scrolls of teleportation
 p - 17 scrolls of vulnerability
 t - a scroll of amnesia
 y - 11 scrolls of fog
 K - 7 scrolls of silence
 Z - 5 scrolls of fear
Potions
 h - a potion of mutation
 o - 6 potions of might
 q - 3 potions of curing
 x - 7 potions of lignification
 z - 7 potions of magic
 A - 12 potions of brilliance
 H - 5 potions of flight
 N - a potion of heal wounds
 Q - 2 potions of cancellation
 T - a potion of haste
Miscellaneous
 u - a phial of floods
 L - a condenser vane
 V - a lightning rod (4/4)


   Skills:
 + Level 20.3 Fighting
 + Level 19.9 Short Blades
 + Level 19.4 Long Blades
 + Level 19.4 Axes
 + Level 19.4 Maces & Flails
 + Level 19.4 Polearms
 + Level 19.4 Staves
 + Level 19.4 Ranged Weapons
 + Level 19.4 Throwing
 + Level 19.4 Armour
 + Level 19.9 Dodging
 + Level 21.2 Stealth
 + Level 22.5 Shields
 + Level 19.4 Unarmed Combat
 + Level 23.8 Spellcasting
 + Level 16.6 Conjurations
 + Level 16.6 Hexes
 + Level 16.6 Summonings
 + Level 16.6 Necromancy
 + Level 16.6 Translocations
 + Level 16.6 Transmutations
 + Level 16.6 Fire Magic
 + Level 19.2 Ice Magic
 + Level 16.6 Air Magic
 + Level 16.6 Earth Magic
 + Level 16.6 Poison Magic
 + Level 21.0 Invocations
 + Level 19.4 Evocations


You had 12 spell levels left.
You knew the following spells:

 Your Spells              Type           Power      Damage    Failure   Level
a - Blink                 Tloc           90%        N/A       1%          2
b - Ensorcelled Hibernat  Hex/Ice        94%        N/A       1%          2
c - Momentum Strike       Conj/Tloc      90%        3d10      1%          2
d - Magic Dart            Conj           100%       1d8       1%          1
e - Freezing Cloud        Conj/Ice/Air   23%        6-21      1%          5
f - Passwall              Tmut/Erth      37%        N/A       1%          2
g - Cause Fear            Hex            22%        N/A       1%          4
h - Olgreb's Toxic Radia  Pois           45%        N/A       1%          4
i - Swiftness             Air            45%        N/A       1%          3
j - Iskenderun's Mystic   Conj/Tloc      45%        2d10      1%          4
k - Airstrike             Air            22%        2d(4-20)  1%          4
l - Metabolic Englaciati  Hex/Ice        23%        N/A       1%          5
m - Starburst             Conj/Fire      22%        6d8       12%         6
n - Manifold Assault      Tloc           45%        N/A       1%          4
o - Borgnjor's Vile Clut  Necr/Erth      22%        N/A       1%          5
p - Mephitic Cloud        Conj/Pois/Air  45%        N/A       1%          3
L - Silence               Hex/Air        22%        N/A       1%          5

Your spell library contained the following spells:

 Spells                   Type           Power      Damage    Failure   Level
 Beastly Appendage        Tmut           90%        N/A       1%          1
 Foxfire                  Conj/Fire      100%       2x1d9     1%          1
 Necrotise                Necr           100%       1d9       1%          1
 Sandblast                Erth           90%        2d19      1%          1
 Shock                    Conj/Air       100%       1d9       1%          1
 Slow                     Hex            100%       N/A       1%          1
 Sting                    Tmut/Pois      100%       1d8       1%          1
 Lesser Beckoning         Tloc           90%        N/A       1%          2
 Poisonous Vapours        Pois/Air       90%        N/A       1%          2
 Scorch                   Fire           90%        2d10      1%          2
 Searing Ray              Conj           90%        2d7       1%          2
 Confusing Touch          Hex            45%        N/A       1%          3
 Dazzling Flash           Conj/Hex       90%        N/A       1%          3
 Gell's Gravitas          Tloc           45%        N/A       1%          3
 Hailstorm                Conj/Ice       47%        3d11      1%          3
 Inner Flame              Hex/Fire       45%        N/A       1%          3
 Portal Projectile        Hex/Tloc       90%        N/A       1%          3
 Spider Form              Tmut/Pois      45%        N/A       1%          3
 Stone Arrow              Conj/Erth      90%        3d12      1%          3
 Teleport Other           Tloc           45%        N/A       1%          3
 Vampiric Draining        Necr           45%        2d9       1%          3
 Vhi's Electric Charge    Tloc/Air       90%        N/A       1%          3
 Anguish                  Hex/Necr       22%        N/A       1%          4
 Flame Wave               Conj/Fire      45%        2d12      1%          4
 Fulminant Prism          Conj/Hex       22%        3d12      1%          4
 Ice Form                 Ice/Tmut       47%        N/A       1%          4
 Leda's Liquefaction      Hex/Erth       22%        N/A       1%          4
 Passage of Golubria      Tloc           45%        N/A       1%          4
 Petrify                  Tmut/Erth      45%        N/A       1%          4
 Agony                    Necr           45%        N/A       1%          5
 Alistair's Intoxication  Tmut/Pois      30%        N/A       1%          5
 Fireball                 Conj/Fire      22%        3d10      1%          5
 Iskenderun's Battlesphe  Conj           45%        2d10      1%          5
 Lightning Bolt           Conj/Air       22%        1d38      1%          5
 Conjure Ball Lightning   Conj/Air       22%        3x3d6     12%         6
 Dispersal                Tloc           22%        N/A       12%         6
 Eringya's Noxious Bog    Tmut/Pois      22%        N/A       12%         6
 Statue Form              Tmut/Erth      30%        N/A       12%         6
 Dragon Form              Tmut           22%        N/A       58%         7
 Orb of Destruction       Conj           22%        9d8       58%         7
 Storm Form               Tmut/Air       22%        N/A       58%         7
 Disjunction              Tloc           22%        N/A       99%         8
 Lehudib's Crystal Spear  Conj/Erth      22%        10d6      99%         8
 Fire Storm               Conj/Fire      22%        8d6       100%        9
 Polar Vortex             Ice            25%        N/A       100%        9
 Call Imp                 Summ           Unusable   N/A       N/A         2
 Call Canine Familiar     Summ           Unusable   N/A       N/A         3
 Animate Armour           Summ/Erth      Unusable   N/A       N/A         4
 Summon Lightning Spire   Summ/Air       Unusable   N/A       N/A         4
 Summon Forest            Summ/Tloc      Unusable   N/A       N/A         5
 Simulacrum               Ice/Necr       Unusable   N/A       N/A         6
 Summon Cactus Giant      Summ           Unusable   N/A       N/A         6
 Summon Hydra             Summ           Unusable   N/A       N/A         7
 Dragon's Call            Summ           Unusable   N/A       N/A         9

Dungeon Overview and Level Annotations

Branches:
Dungeon (15/15)            Temple (1/1) D:5            Lair (5/5) D:9
  Swamp (4/4) Lair:2        Snake (4/4) Lair:2        Slime (5/5) Lair:4
    Orc (2/2) D:9             Elf (3/3) Orc:2        Vaults (5/5) D:14
  Crypt (1/3) Vaults:2     Depths (4/4) D:15            Zot (5/5) Depths:4
 Bailey (visited)           IceCv (visited)

Altars:
Ashenzari
Cheibriados
Dithmenos
Elyvilon
Fedhas
Gozag
Hepliaklqana
Kikubaaqudgha
Makhleb
Nemelex Xobeh
Okawaru
Qazlal
Ru
Sif Muna
Trog
Uskayaw
Vehumet
Wu Jian
Xom
Yredelemnul
Zin
The Shining One
Jiyva
Lugonu

Shops:
D:8 :   D:11 :   D:14 (   Orc:2 **=([   Elf:3 (   Snake:3 *   Snake:4 ([
Vaults:3 ?   Vaults:5 *   Depths:1 [   Depths:2 [   Depths:3 ?:*[   Depths:4 (

Portals:
Hell: Depths:1 Depths:2 Depths:3 Depths:4
Abyss: Depths:2 Depths:3
Pandemonium: Depths:2 Depths:4
Ziggurat: Depths:2
Trove: Elf:1 (give 8 potions of haste)

Annotations:
Lair:5 exclusion: obsidian statue
Swamp:4 Mara
Vaults:2 Mennas
Crypt:1 Khufu
Zot:3 1 transporter


Innate Abilities, Weirdness & Mutations

You have very sharp teeth.
Your uncanny sense of smell can sniff out nearby items.
Your experience applies equally to all skills.
You have sharp toenails.
You have supernaturally acute eyesight. (SInv)
Your spells are a little easier to cast, but a little less powerful.
Your movements are slightly less encumbered by armour. (ER -2)


Message History

You climb upwards.
There is a stone staircase leading down here.
There is a stone staircase leading up here.
Things that are here:
a +0 ring mail; a +0 leather armour You climb upwards.
There is a stone staircase leading down here.
There is a stone staircase leading up here.
You climb upwards.
There is a stone staircase leading down here.
There is a stone staircase leading up here.
You climb upwards.
There is a stone staircase leading down here.
There is a stone staircase leading up here.
You climb upwards.
There is a stone staircase leading down here.
There is an escape hatch in the ceiling here.
A mysterious force pulls you upwards. The hatch slams shut behind you.
A Yheomyss and an ice devil come into view.
Press: ? - help, v - describe, . - travel The floor.
This square is covered in magical glow.
Press: ? - help, v - describe, . - travel
Here: Yheomyss (surrounded by acidic fog)
The floor.
Unknown command.
You feel yourself speed up.
Casting: Metabolic Englaciation (mildly dangerous; 1% risk of failure)
Confirm with . or Enter, or press ? or * to list all spells.
Aiming: Passwall (safe; 1% risk of failure)
Press: ? - help, Dir - move target A rock wall.
This square is covered in magical glow.
You begin to meditate on the wall.
You continue meditating on the rock. x2
You block Yheomyss's attack.
You continue meditating on the rock.
Yheomyss hits you! Yheomyss corrodes you! You block Yheomyss's attack.
You finish merging with the rock.
There is a staircase leading out of the dungeon here.
You have escaped!

.######..##.#######.##4##.#.#####
..#####..##.# #.##.§..2....>.
.........##.# #####.###.°.....##.
########....# #....☼☼○○°###.#.##.
###### #.###○&°○## #...... #####
################○# ###.##.
....###.##...##..# #.# #.##.
####.#.##.###....# #.# #.##.
#....#.#..#####.@# #.# #.#..
..##.##..#.##....# #.# #.#..
####.###.#.#.##..# #.# #.#..
.##.###.##..###### ##.# #....
####...#######.# #..# ###... #
##### #.# #.## #..... ### ##.##
#.# #.#..# #.## ##...## #.#
#.#..# .#.## ####.....####.#
#.#..#


There were no monsters in sight!

Vanquished Creatures
  the Royal Jelly (Slime:5)
  3 dread liches
  2 ancient liches
  10 orbs of fire
  Sojobo (Arena)
  Margery (Vaults:3)
  Frederick (Depths:4)
  Boris (twice) (Vaults:3 Depths:4)
  the Lernaean hydra (Swamp:4)
  3 Killer Klowns (Zot:5)
  4 curse toes
  Saint Roka (Vaults:4)
  Xtahua (Vaults:3)
  Bai Suzhen (Swamp:3)
  13 golden dragons
  Jory (Vaults:4)
  3 electric golems
  Jorgrun (D:15)
  Zenata (Vaults:4)
  Mlioglotl (Snake:3)
  2 Ice Fiends (IceCv)
  17 tentacled monstrosities
  25 Orb Guardians (Zot:5)
  A deep elf master archer (Elf:3)
  2 deep elf blademasters
  15 acid blobs
  12 quicksilver dragons
  4 titans (Vaults:5)
  3 sphinxes
  5 death cobs
  An Executioner (Zot:3)
  Gastronok (Lair:3)
  A sphinx (shapeshifter) (Vaults:5)
  A thorn hunter (Swamp:2)
  10 tengu reavers
  Kirke (Lair:5)
  12 storm dragons
  9 shadow dragons
  A draconian monk (Zot:2)
  7 rockslimes
  Donald (Snake:2)
  A fenstrider witch (Swamp:2)
  2 fire giants
  8 draconian knights
  2 nagarajas (Snake:4)
  23 vault wardens
  12 azure jellies
  9 frost giants
  2 ghost moths
  15 deep elf sorcerers
  6 draconian scorchers
  5 iron dragons
  Louise (Snake:1)
  A balrug (Depths:1)
  A deep elf elementalist (Elf:3)
  A reaper (Depths:1)
  A cacodemon (Depths:1)
  4 ghouls (Swamp:4)
  3 draconian stormcallers
  23 ironbound preservers
  Aizul (Snake:2)
  5 draconian shifters
  An orc warlord (Vaults:4)
  A spriggan defender (Depths:3)
  8 draconian annihilators
  A war gargoyle (Vaults:5)
  5 spectral caustic shrikes (Depths:3)
  6 ironbound thunderhulks
  10 stone giants
  4 quicksilver oozes
  8 green draconians
  37 very ugly things
  Nessos (D:13)
  2 grey draconians (Depths:4)
  A vampire knight (Crypt:1)
  6 deep elf demonologists
  A lorocyproca (D:9)
  9 deep elf annihilators
  11 black draconians
  5 eleionomae
  6 red draconians
  9 white draconians
  7 bunyips
  15 dire elephants
  15 purple draconians
  A blizzard demon (D:11)
  5 yellow draconians
  A green death (D:7)
  3 crystal guardians
  A merfolk javelineer (Depths:3)
  10 ettins
  The ghost of Hily the Summoner, a journeyman FeSu of Gozag (Swamp:2)
  7 deep elf death magi
  Josephine (D:15)
  6 deep elf high priests (Elf:3)
  3 shambling mangroves
  11 great orbs of eyes
  The ghost of Esekla the Covert, a journeyman OpDe of Gozag (Lair:3)
  14 yaktaur captains
  A merfolk impaler (Depths:3)
  10 fire dragons
  2 jiangshi (Vaults:2)
  41 vault guards
  2 rakshasas
  2 peacekeepers
  2 hell beasts (Depths:1)
  2 entropy weavers
  16 hydras
  7 ice dragons
  3 ghost crabs
  3 ogre magi
  4 caustic shrike simulacra (IceCv)
  3 salamander tyrants (Snake:4)
  12 ironbound frosthearts
  5 spriggan air magi
  3 catoblepae
  22 centaur warriors
  6 boulder beetles
  12 anacondas
  10 two-headed ogres
  4 hell hogs (Depths:2)
  5 deep troll shamans
  An alligator snapping turtle (shapeshifter) (Vaults:5)
  22 dancing weapons
  12 alligators
  A vampire mage (Depths:1)
  9 naga warriors
  7 death yaks
  10 deep troll earth magi
  6 spriggan berserkers
  5 shock serpents
  6 tengu warriors
  13 spriggans
  7 hell knights
  19 naga sharpshooters
  A skyshark (Lair:3)
  12 deep elf knights
  5 iron trolls
  A soul eater (Vaults:1)
  5 salamander mystics
  4 sun demons (Depths:1)
  6 skeletal warriors
  A fire crab (shapeshifter) (Vaults:5)
  5 goliath frogs
  2 sixfirhies
  2 spectral death yaks (Lair:5)
  A storm dragon skeleton (D:15)
  3 flayed ghosts
  12 swamp dragons
  A spectral anaconda (Lair:5)
  5 spriggan druids
  64 deep trolls
  8 orc knights
  A spriggan simulacrum (Elf:1)
  6 phantasmal warriors
  4 glowing orange brains
  22 ironbound convokers
  9 naga ritualists
  2 obsidian statues (IceCv)
  A lindwurm (shapeshifter) (Depths:1)
  6 bog bodies
  9 necromancers
  19 deep elf archers
  An orc sorcerer (Elf:2)
  7 wizards
  A golden dragon skeleton (Depths:1)
  32 deep elf pyromancers
  31 deep elf zephyrmancers
  13 mana vipers
  2 wolf spider zombies (D:13)
  7 lindwurms
  49 ugly things
  A stone giant zombie (Depths:1)
  9 harpies
  4 will-o-the-wisps
  A wolf spider (D:15)
  19 salamanders
  An oklob plant (Lair:3)
  7 cyclopes
  15 elephants
  7 manticores
  6 shining eyes
  2 elephants (shapeshifter)
  35 moths of wrath
  2 torpor snails
  36 black mambas
  An eye of devastation (Slime:1)
  4 centaur zombies (D:13)
  A dire elephant zombie (Lair:5)
  A smoke demon (Depths:2)
  6 guardian serpents
  A rust devil (Depths:2)
  A frost giant skeleton (D:15)
  18 vault sentinels
  6 cane toads
  12 naga magi
  2 gargoyles
  An orange demon (Depths:1)
  3 unseen horrors
  A kobold demonologist (D:12)
  2 hellions
  3 ice devils
  28 yaktaurs
  2 rime drakes
  6 komodo dragons
  7 freezing wraiths
  3 golden dragon simulacra (IceCv)
  A redback zombie (D:13)
  An efreet (D:14)
  A tengu conjurer (Depths:3)
  An anaconda simulacrum (Elf:1)
  2 polar bears (Lair:5)
  6 tyrant leeches
  6 trolls
  A red devil (Depths:2)
  20 blink frogs
  An ettin zombie (D:15)
  20 hornets
  A tarantella (shapeshifter) (Vaults:5)
  2 spriggan zombies
  3 spectral elephants (Lair:5)
  5 dream sheep (Lair:4)
  Sigmund (D:2)
  119 slime creatures
  A jumping spider (shapeshifter) (Vaults:5)
  An ettin skeleton (Depths:1)
  2 air elementals
  10 water elementals
  A dire elephant simulacrum (Elf:1)
  12 wraiths
  44 yaks
  7 wyverns
  A fire elemental (Elf:3)
  11 golden eyes
  3 basilisks
  7 humans (Lair:5)
  14 vampire mosquitoes
  3 chaos spawn
  3 steam dragons
  Menkaure (D:6)
  6 wargs
  4 death yak simulacra (Lair:5)
  2 harpy simulacra
  2 minotaur simulacra (IceCv)
  16 swamp worms
  A redback (Vaults:3)
  A glowing shapeshifter zombie (D:15)
  3 hydra simulacra (IceCv)
  31 nagas
  An acid dragon (D:9)
  11 water moccasins
  6 swamp drakes
  61 orc warriors
  An alligator simulacrum (Elf:1)
  5 sky beasts
  3 black bears
  2 ettin simulacra (IceCv)
  7 ogres
  12 wolves
  34 centaurs
  5 kobold brigands
  Blork the orc (D:5)
  An earth elemental (Elf:3)
  4 bullfrogs
  2 scorpions
  A cane toad simulacrum (Lair:5)
  3 deep troll simulacra
  4 wights
  A lindwurm simulacrum (Elf:1)
  2 elephant simulacra (Lair:5)
  A killer bee (D:10)
  7 electric eels
  3 howler monkeys
  3 hounds (D:7)
  A gnoll bouda (D:10)
  18 orc priests
  16 jellies
  Jessica (D:2)
  A boggart zombie (D:13)
  4 iguanas
  22 orc wizards
  A statue (D:5)
  2 human simulacra (D:9)
  10 gnolls
  4 adders
  A shadow imp (D:8)
  An ufetubus (D:6)
  3 worms
  3 dart slugs
  109 orcs
  12 ball pythons
  7 bats
  13 endoplasms
  4 giant cockroaches
  8 hobgoblins
  6 jackals
  25 kobolds
  10 quokkas
  7 frilled lizards
  11 goblins
  5 rats
  A bush (D:12)
2317 creatures vanquished.

Vanquished Creatures (others)
  A death cob (Zot:4)
  A nagaraja (Snake:2)
  A blizzard demon (Depths:2)
  A yaktaur captain (Vaults:5)
  A vault guard (Vaults:5)
  A hydra (Swamp:4)
  A dancing weapon (Vaults:5)
  A naga sharpshooter (Snake:4)
  3 deep elf knights
  A shadow wraith (Vaults:5)
  3 deep elf zephyrmancers
  A mana viper (Snake:3)
  A deep elf pyromancer (Elf:1)
  A black mamba (Snake:2)
  2 bloated husks
  An acid dragon (D:9)
  A swamp drake (Swamp:4)
  An ogre (Vaults:5)
  A scorpion (D:7)
  A kobold (D:8)
  44 foxfires
  13 fungi
  19 plants
  20 withered plants
121 creatures vanquished.

Grand Total: 2438 creatures vanquished

Notes
Turn   | Place    | Note
-------+----------+-------------------------------------------
     0 | D:5      | loopz the Gnoll Delver began the quest for the Orb.
     0 | D:5      | Reached XP level 1. HP: 23/23 MP: 1/1
     3 | D:5      | Found a blossoming altar of Fedhas.
    59 | D:5      | Found a radiant altar of Vehumet.
    59 | D:5      | Noticed a charred statue
    82 | D:5      | Identified the +4 spear of Amayjoj {freeze, rC+ rCorr Str-2
                  | Dex+3}
    92 | D:5      | Found a staircase to the Ecumenical Temple.
   102 | Temple   | Entered the Ecumenical Temple
   163 | Temple   | Became a worshipper of Warmaster Okawaru
   278 | D:4      | Noticed an orc wizard
   449 | D:3      | Reached XP level 2. HP: 29/29 MP: 2/2
   668 | D:1      | Reached XP level 3. HP: 32/35 MP: 3/3
   780 | D:1      | Reached skill level 1 in Invocations
  1056 | D:1      | Reached skill level 1 in Long Blades
  1056 | D:1      | Reached skill level 1 in Axes
  1056 | D:1      | Reached skill level 1 in Maces & Flails
  1056 | D:1      | Reached skill level 1 in Polearms
  1056 | D:1      | Reached skill level 1 in Staves
  1056 | D:1      | Reached skill level 1 in Ranged Weapons
  1056 | D:1      | Reached skill level 1 in Throwing
  1056 | D:1      | Reached skill level 1 in Armour
  1056 | D:1      | Reached skill level 1 in Shields
  1056 | D:1      | Reached skill level 1 in Unarmed Combat
  1056 | D:1      | Reached skill level 1 in Spellcasting
  1056 | D:1      | Reached skill level 1 in Evocations
  1666 | D:1      | Reached XP level 4. HP: 41/41 MP: 5/5
  1817 | D:2      | Found a faded altar of an unknown god.
  1860 | D:2      | Found a radiant altar of Vehumet.
  1862 | D:2      | Noticed Sigmund
  2191 | D:2      | Reached skill level 1 in Conjurations
  2191 | D:2      | Reached skill level 1 in Hexes
  2191 | D:2      | Reached skill level 1 in Summonings
  2191 | D:2      | Reached skill level 1 in Necromancy
  2191 | D:2      | Reached skill level 1 in Translocations
  2191 | D:2      | Reached skill level 1 in Transmutations
  2191 | D:2      | Reached skill level 1 in Fire Magic
  2191 | D:2      | Reached skill level 1 in Ice Magic
  2191 | D:2      | Reached skill level 1 in Air Magic
  2191 | D:2      | Reached skill level 1 in Earth Magic
  2191 | D:2      | Reached skill level 1 in Poison Magic
  2210 | D:2      | Noticed Jessica
  2215 | D:2      | Killed Jessica
  2216 | D:2      | Reached XP level 5. HP: 47/47 MP: 5/7
  3419 | D:3      | Identified a scroll of acquirement
  3419 | D:3      | Acquired the +4 kite shield of the Final Continents {rElec
                  | rC++}
  3795 | D:4      | Reached * piety under Okawaru
  3796 | D:4      | Reached XP level 6. HP: 41/53 MP: 8/8
  4030 | D:4      | Reached skill level 5 in Short Blades
  4030 | D:4      | Reached skill level 5 in Dodging
  4356 | D:5      | Reached skill level 2 in Spellcasting
  4535 | D:5      | Reached XP level 7. HP: 60/60 MP: 10/10
  4708 | D:5      | Noticed Blork the orc
  4715 | D:5      | Killed Blork the orc
  4716 | D:5      | Reached skill level 10 in Stealth
  5207 | D:6      | Reached skill level 3 in Spellcasting
  5207 | D:6      | Reached XP level 8. HP: 45/67 MP: 12/12
  5406 | D:6      | Reached ** piety under Okawaru
  5503 | D:6      | Noticed Menkaure
  5521 | D:6      | Killed Menkaure
  6571 | D:7      | Found a flagged portal.
  6611 | Bailey   | Entered a bailey
  6628 | Bailey   | Reached skill level 4 in Spellcasting
  6628 | Bailey   | Reached XP level 9. HP: 56/73 MP: 13/15
  7286 | Bailey   | Reached *** piety under Okawaru
  7694 | Bailey   | Reached skill level 5 in Invocations
  8359 | Bailey   | Reached **** piety under Okawaru
  8427 | Bailey   | Reached skill level 5 in Long Blades
  8427 | Bailey   | Reached skill level 5 in Axes
  8427 | Bailey   | Reached skill level 5 in Maces & Flails
  8427 | Bailey   | Reached skill level 5 in Polearms
  8427 | Bailey   | Reached skill level 5 in Staves
  8427 | Bailey   | Reached skill level 5 in Ranged Weapons
  8427 | Bailey   | Reached skill level 5 in Throwing
  8427 | Bailey   | Reached skill level 5 in Armour
  8427 | Bailey   | Reached skill level 5 in Shields
  8427 | Bailey   | Reached skill level 5 in Unarmed Combat
  8427 | Bailey   | Reached skill level 5 in Spellcasting
  8427 | Bailey   | Reached skill level 5 in Evocations
  8427 | Bailey   | Reached XP level 10. HP: 40/81 MP: 14/17
  8896 | Bailey   | Acquired 1099 gold pieces
  9119 | D:7      | Learned a level 2 spell: Blink
  9156 | D:7      | Learned a level 2 spell: Ensorcelled Hibernation
 10250 | D:7      | Found a shimmering blue altar of Sif Muna.
 10263 | D:7      | Found a bloodstained altar of Trog.
 10791 | D:2      | Killed Sigmund
 11377 | D:8      | Noticed a two-headed ogre
 11400 | D:8      | Killed a two-headed ogre
 12208 | D:8      | Killed an unseen horror
 12324 | D:8      | Found Ditz's Book Boutique.
 12335 | D:8      | Learned a level 2 spell: Momentum Strike
 12484 | D:8      | Reached skill level 6 in Spellcasting
 12675 | D:9      | Reached skill level 5 in Conjurations
 12675 | D:9      | Reached skill level 5 in Hexes
 12675 | D:9      | Reached skill level 5 in Summonings
 12675 | D:9      | Reached skill level 5 in Necromancy
 12675 | D:9      | Reached skill level 5 in Translocations
 12675 | D:9      | Reached skill level 5 in Transmutations
 12675 | D:9      | Reached skill level 5 in Fire Magic
 12675 | D:9      | Reached skill level 5 in Ice Magic
 12675 | D:9      | Reached skill level 5 in Air Magic
 12675 | D:9      | Reached skill level 5 in Earth Magic
 12675 | D:9      | Reached skill level 5 in Poison Magic
 12675 | D:9      | Reached XP level 11. HP: 89/89 MP: 20/20
 12976 | D:9      | Found a staircase to the Lair.
 13571 | D:9      | Found a staircase to the Orcish Mines.
 14082 | D:10     | Entered Level 10 of the Dungeon
 14082 | D:10     | Found a glowing silver altar of Zin.
 14118 | D:10     | Learned a level 1 spell: Magic Dart
 14145 | D:10     | Noticed a two-headed ogre
 14415 | D:10     | Noticed a deep elf pyromancer
 14420 | D:10     | Killed a deep elf pyromancer
 14432 | D:10     | Noticed a purple ugly thing
 14437 | D:10     | Killed a purple ugly thing
 14588 | D:10     | Reached ***** piety under Okawaru
 14632 | D:10     | Received a gift from Okawaru
 14798 | D:10     | Noticed a centaur warrior
 14824 | D:10     | Killed a centaur warrior
 14825 | D:10     | Noticed a cyclops
 14825 | D:10     | Noticed an orc knight
 14855 | D:10     | Killed an orc knight
 14880 | D:10     | Killed a cyclops
 14881 | D:10     | Reached skill level 7 in Spellcasting
 14888 | D:10     | Noticed a boulder beetle
 14916 | D:10     | Noticed a skeletal warrior
 14958 | D:10     | Killed a boulder beetle
 14959 | D:10     | Reached XP level 12. HP: 97/97 MP: 22/22
 15070 | D:10     | Identified the +2 rapier "Nooxkam" {drain, +Blink Dex+7}
 15070 | D:10     | Noticed a centaur warrior
 15111 | D:10     | Killed a centaur warrior
 15352 | D:10     | Learned a level 3 spell: Mephitic Cloud
 15377 | D:10     | Reached skill level 10 in Fighting
 15384 | D:10     | Got the Lectures on Solid Ill Luck
 15392 | D:10     | Learned a level 2 spell: Passwall
 15565 | D:10     | Killed a two-headed ogre
 15616 | D:10     | Noticed a two-headed ogre
 15626 | D:10     | Killed a two-headed ogre
 15758 | D:10     | Found a glowing golden altar of the Shining One.
 16222 | D:11     | Noticed a boulder beetle
 16226 | D:11     | Killed a boulder beetle
 16355 | D:11     | Noticed a two-headed ogre
 16369 | D:11     | Killed a two-headed ogre
 17131 | D:11     | Found Qalliq's Book Shoppe.
 17447 | Lair:1   | Entered Level 1 of the Lair of Beasts
 18133 | Lair:1   | Identified the ring "Miavoq" {MP+9 Str+6 Slay+6}
 18690 | Lair:1   | Reached skill level 8 in Spellcasting
 18737 | Lair:1   | Noticed a five-headed hydra
 18740 | Lair:1   | Killed a five-headed hydra
 18740 | Lair:1   | Received a gift from Okawaru
 18741 | Lair:1   | Reached XP level 13. HP: 104/104 MP: 25/25
 18905 | Lair:2   | Found a staircase to the Swamp.
 19018 | Lair:2   | Found a staircase to the Snake Pit.
 19094 | Lair:2   | Noticed an ice dragon
 19120 | Lair:2   | Killed an ice dragon
 19211 | Lair:2   | Identified the +7 flail "Widowmaker" {heavy, Int+3 SInv
                  | Stlth+}
 19552 | Lair:2   | Learned a level 4 spell: Cause Fear
 20022 | Lair:3   | Learned a level 1 spell: Shock
 20066 | Lair:3   | Noticed Gastronok
 20211 | Lair:3   | Received a gift from Okawaru
 20232 | Lair:3   | Received a gift from Okawaru
 20271 | Lair:3   | Learned a level 3 spell: Swiftness
 20298 | Lair:3   | You fall into a shaft and drop 2 floors!
 20298 | Lair:5   | Entered Level 5 of the Lair of Beasts
 20375 | Lair:5   | Identified the +1 helmet "Hero's Friend" {+Inv}
 20485 | Lair:5   | Received a gift from Okawaru
 20599 | Lair:5   | Reached skill level 10 in Short Blades
 20599 | Lair:5   | Reached skill level 10 in Dodging
 21043 | Lair:3   | Found a runed translucent door.
 21043 | Lair:3   | Noticed Esekla's ghost (journeyman OpDe)
 21096 | Lair:3   | Killed Esekla's ghost
 21186 | Lair:3   | Reached skill level 9 in Spellcasting
 21644 | Lair:3   | Killed Gastronok
 21868 | Lair:3   | Reached skill level 10 in Invocations
 21868 | Lair:3   | Reached XP level 14. HP: 68/113 MP: 27/27
 22081 | Lair:4   | Received a gift from Okawaru
 22118 | Lair:4   | Found a staircase to the Slime Pits.
 22274 | Lair:4   | Found a shadowy altar of Dithmenos.
 23222 | Lair:5   | Noticed a quicksilver ooze
 23223 | Lair:5   | Noticed a rockslime
 23223 | Lair:5   | Noticed an azure jelly
 23234 | Lair:4   | Killed a quicksilver ooze
 23429 | Lair:5   | Noticed an azure jelly
 23432 | Lair:5   | Noticed an azure jelly
 23433 | Lair:5   | Noticed a rockslime
 23446 | Lair:4   | Killed a rockslime
 23605 | Lair:4   | Killed an azure jelly
 23612 | Lair:4   | Killed an azure jelly
 23705 | Lair:4   | Killed an azure jelly
 23897 | Lair:4   | Killed a rockslime
 23897 | Lair:4   | Received a gift from Okawaru
 24056 | Lair:5   | Paralysed by a great orb of eyes for 5 turns
 24082 | Lair:4   | Paralysed by a great orb of eyes for 5 turns
 24437 | Lair:5   | Found a viscous altar of Jiyva.
 25440 | Lair:5   | Noticed Kirke
 25460 | Lair:5   | Noticed a sphinx
 25466 | Lair:5   | Killed Kirke
 25625 | Lair:5   | Noticed a dire elephant
 25626 | Lair:5   | Noticed a dire elephant
 25668 | Lair:5   | Reached skill level 10 in Long Blades
 25668 | Lair:5   | Reached skill level 10 in Axes
 25668 | Lair:5   | Reached skill level 10 in Maces & Flails
 25668 | Lair:5   | Reached skill level 10 in Polearms
 25668 | Lair:5   | Reached skill level 10 in Staves
 25668 | Lair:5   | Reached skill level 10 in Ranged Weapons
 25668 | Lair:5   | Reached skill level 10 in Throwing
 25668 | Lair:5   | Reached skill level 10 in Armour
 25668 | Lair:5   | Reached skill level 10 in Shields
 25668 | Lair:5   | Reached skill level 10 in Unarmed Combat
 25668 | Lair:5   | Reached skill level 10 in Spellcasting
 25668 | Lair:5   | Reached skill level 10 in Evocations
 25963 | Lair:5   | Reached XP level 15. HP: 110/120 MP: 29/29
 26017 | Lair:5   | Identified the +6 trident of Infection {freeze, rElec rC+
                  | Int+2 Stlth-}
 26428 | Lair:5   | Received a gift from Okawaru
 27589 | D:12     | Received a gift from Okawaru
 27772 | D:12     | Identified the +1 robe "Konighupn" {*Slow rN++ Int+3}
 27951 | Orc:1    | Entered Level 1 of the Orcish Mines
 27996 | Orc:2    | Entered Level 2 of the Orcish Mines
 28370 | Orc:1    | Received a gift from Okawaru
 28680 | Orc:1    | Learned a level 4 spell: Iskenderun's Mystic Blast
 28685 | Orc:1    | Learned a level 4 spell: Airstrike
 28766 | Orc:2    | Found a shimmering blue altar of Sif Muna.
 28795 | Orc:2    | Got Sif Muna's Thoughts on Configuration
 28946 | Orc:2    | Received a gift from Okawaru
 28975 | Orc:2    | Received a gift from Okawaru
 29122 | Orc:2    | Found a staircase to the Elven Halls.
 29137 | Orc:2    | Found Jyacuth's Armour Shop.
 29222 | Orc:2    | Bought a +0 pair of boots of flying for 161 gold pieces
 29331 | Orc:2    | Found Xyoceja's General Store.
 29331 | Orc:2    | Found Geijeoj's Jewellery Shop.
 29331 | Orc:2    | Found Liunis's Weapon Boutique.
 29334 | Orc:2    | Found Tihabatz's Assorted Antiques.
 29338 | Orc:2    | Bought a scroll of blinking for 105 gold pieces
 29338 | Orc:2    | Bought a potion of curing for 42 gold pieces
 29338 | Orc:2    | Bought a scroll of teleportation for 42 gold pieces
 29339 | Orc:2    | Bought a ring of positive energy for 280 gold pieces
 29339 | Orc:2    | Bought a ring of willpower for 350 gold pieces
 29352 | Orc:2    | Bought a scroll of teleportation for 114 gold pieces
 29352 | Orc:2    | Bought a scroll of teleportation for 114 gold pieces
 29620 | Orc:2    | Bought a +5 vampiric war axe for 525 gold pieces
 29654 | Orc:2    | Bought a +3 scale mail of willpower for 364 gold pieces
 29696 | Orc:2    | Learned a level 5 spell: Silence
 29971 | D:13     | Found a hide-covered altar of Uskayaw.
 30022 | D:13     | Received a gift from Okawaru
 30718 | D:13     | Noticed Nessos
 30726 | D:13     | Killed Nessos
 30726 | D:13     | Received a gift from Okawaru
 30823 | D:13     | Acquired 662 gold pieces
 31308 | D:13     | Identified the +1 leather armour of the Disturbing Moons
                  | {Regen+}
 31361 | D:14     | Identified the ring of the Cricket {rF+ rCorr}
 31653 | D:14     | Found Bamn's Antique Weapon Boutique.
 31662 | D:14     | Bought a brightly glowing rapier for 288 gold pieces
 31662 | D:14     | Identified the +9 rapier of Moral Flaws {heavy, Str+2} (You
                  | bought it in a shop on level 14 of the Dungeon)
 31735 | D:14     | Found a gate to the Vaults.
 31814 | D:14     | Found an iron altar of Okawaru.
 31822 | D:14     | Received a gift from Okawaru
 31823 | D:14     | Reached XP level 16. HP: 129/129 MP: 30/30
 31948 | D:14     | Reached ****** piety under Okawaru
 31949 | D:14     | Reached skill level 11 in Spellcasting
 32137 | D:14     | Received a gift from Okawaru
 32478 | D:14     | Received a gift from Okawaru
 33054 | D:15     | Entered Level 15 of the Dungeon
 33203 | D:15     | Identified the ring "Erynna" {Wiz Int+5}
 33230 | D:15     | Found a staircase to the Depths.
 33286 | D:15     | Noticed Jorgrun
 33516 | D:15     | Killed Jorgrun
 33802 | D:15     | Noticed Josephine
 33844 | D:15     | Killed Josephine
 33844 | D:15     | Received a gift from Okawaru
 35014 | Snake:1  | Entered Level 1 of the Snake Pit
 35039 | Snake:1  | Received a gift from Okawaru
 35388 | Snake:1  | Noticed Louise
 35879 | Snake:1  | Killed Louise
 35880 | Snake:1  | Reached XP level 17. HP: 133/137 MP: 32/32
 36711 | Snake:2  | Reached skill level 10 in Conjurations
 36711 | Snake:2  | Reached skill level 10 in Hexes
 36711 | Snake:2  | Reached skill level 10 in Summonings
 36711 | Snake:2  | Reached skill level 10 in Necromancy
 36711 | Snake:2  | Reached skill level 10 in Translocations
 36711 | Snake:2  | Reached skill level 10 in Transmutations
 36711 | Snake:2  | Reached skill level 10 in Fire Magic
 36711 | Snake:2  | Reached skill level 10 in Ice Magic
 36711 | Snake:2  | Reached skill level 10 in Air Magic
 36711 | Snake:2  | Reached skill level 10 in Earth Magic
 36711 | Snake:2  | Reached skill level 10 in Poison Magic
 37247 | Snake:2  | Reached skill level 15 in Stealth
 37485 | Snake:2  | Identified the +1 ring mail of the Circus Animal {rF+ Str+4
                  | Dex-4}
 37517 | Snake:2  | Reached skill level 12 in Spellcasting
 37624 | Snake:3  | Found Zerrukhla's General Store.
 37663 | Snake:3  | Identified the +2 pair of boots of the Squeaky God {god
                  | gift, +Inv rF+ rC+ Str+2} (Okawaru gifted it to you on
                  | level 3 of the Snake Pit)
 37663 | Snake:3  | Received a gift from Okawaru
 37993 | Snake:3  | Noticed Donald
 38560 | Snake:2  | Killed Donald
 38933 | Snake:3  | Noticed Aizul
 39059 | Snake:2  | Killed Aizul
 39567 | Snake:3  | Noticed Mlioglotl
 39570 | Snake:3  | Noticed a bone dragon
 39582 | Snake:3  | Killed Mlioglotl
 39670 | Snake:3  | Identified the +11 short sword of the Jocular God {drain,
                  | rF- rN++ Str+2 Stlth+}
 41328 | Snake:4  | Entered Level 4 of the Snake Pit
 41346 | Snake:4  | Received a gift from Okawaru
 41547 | Snake:4  | Found Ugyhes's Antique Weapon Boutique.
 41551 | Snake:4  | Found Giofes's Antique Armour Shop.
 41853 | Snake:4  | Received a gift from Okawaru
 41860 | Snake:4  | Reached XP level 18. HP: 79/145 MP: 34/34
 42631 | Snake:4  | Received a gift from Okawaru
 42800 | Snake:4  | Noticed a quicksilver dragon
 42970 | Snake:4  | Killed a quicksilver dragon
 42970 | Snake:4  | Received a gift from Okawaru
 43395 | Snake:4  | Received a gift from Okawaru
 43648 | Snake:4  | Got a serpentine rune of Zot
 43775 | Snake:4  | Noticed a quicksilver dragon
 43796 | Snake:4  | Killed a quicksilver dragon
 43801 | Snake:4  | Received a gift from Okawaru
 44342 | Snake:4  | Learned a level 5 spell: Metabolic Englaciation
 44349 | Snake:4  | Learned a level 5 spell: Fireball
 44558 | D:8      | Bought a manual of Spellcasting for 960 gold pieces
 44678 | Swamp:1  | Entered Level 1 of the Swamp
 44875 | Swamp:1  | Identified the +1 pair of boots of the Morning Star {god
                  | gift, Rampage Dex+2} (Okawaru gifted it to you on level 1
                  | of the Swamp)
 44875 | Swamp:1  | Received a gift from Okawaru
 45157 | Swamp:1  | Reached skill level 13 in Spellcasting
 46911 | Swamp:2  | Found a runed translucent door.
 46918 | Swamp:2  | Noticed Hily's ghost (journeyman FeSu)
 47201 | Swamp:2  | You fall into a shaft and drop 1 floor!
 47914 | Swamp:2  | Received a gift from Okawaru
 47927 | Swamp:2  | Killed Hily's ghost
 48221 | Swamp:3  | Identified the +7 sling of Pyvud {god gift, elec, Fragile
                  | rN+ Int+5 Dex+3} (Okawaru gifted it to you on level 3 of
                  | the Swamp)
 48221 | Swamp:3  | Received a gift from Okawaru
 48222 | Swamp:3  | Reached XP level 19. HP: 153/153 MP: 36/36
 48629 | Swamp:3  | Identified the +2 dagger "Neklill" {heavy, Str+2}
 48705 | Swamp:4  | Entered Level 4 of the Swamp
 48713 | Swamp:4  | Noticed Bai Suzhen
 48842 | Swamp:3  | Killed Bai Suzhen
 49320 | Swamp:4  | Reached skill level 14 in Spellcasting
 49677 | Swamp:4  | Noticed the 27-headed Lernaean hydra
 49688 | Swamp:4  | Killed the 27-headed Lernaean hydra
 49702 | Swamp:4  | Received a gift from Okawaru
 49905 | Swamp:4  | Noticed Mara
 50005 | Swamp:4  | Received a gift from Okawaru
 50447 | Swamp:4  | Got a decaying rune of Zot
 50868 | Vaults:1 | Entered Level 1 of the Vaults
 50877 | Vaults:1 | Reached skill level 15 in Fighting
 51515 | Vaults:1 | Reached skill level 15 in Invocations
 51825 | Vaults:1 | Received a gift from Okawaru
 51846 | Vaults:1 | Reached XP level 20. HP: 96/159 MP: 38/38
 52052 | Vaults:1 | Reached skill level 15 in Spellcasting
 52250 | Vaults:1 | Received a gift from Okawaru
 52899 | Vaults:1 | Identified the +0 kite shield of Okawaru's Grace {Dex+5
                  | Slay+2}
 53699 | Vaults:2 | Received a gift from Okawaru
 54802 | Vaults:2 | Received a gift from Okawaru
 54815 | Vaults:2 | Reached skill level 15 in Short Blades
 54815 | Vaults:2 | Reached skill level 15 in Dodging
 54952 | Vaults:2 | Received a gift from Okawaru
 55317 | Vaults:2 | You fall into a shaft and drop 1 floor!
 55338 | Vaults:3 | Noticed Sojobo
 55339 | Arena    | Entered the Arena
 55355 | Arena    | Killed Sojobo
 55440 | Vaults:3 | Noticed Boris
 55869 | Vaults:2 | Reached skill level 16 in Spellcasting
 56127 | Vaults:2 | Found a staircase to the Crypt.
 56215 | Vaults:2 | Noticed Mennas
 56442 | Vaults:2 | Received a gift from Okawaru
 56510 | Vaults:2 | Reached XP level 21. HP: 169/170 MP: 41/41
 56719 | Vaults:3 | Noticed Margery
 56887 | Vaults:3 | Found Osunihuk's Magic Scroll Shop.
 56904 | Vaults:3 | Killed Boris
 56904 | Vaults:3 | Received a gift from Okawaru
 56958 | Vaults:3 | Bought a scroll of fog for 52 gold pieces
 56958 | Vaults:3 | Bought a scroll of fog for 52 gold pieces
 56958 | Vaults:3 | Bought a scroll of teleportation for 39 gold pieces
 56958 | Vaults:3 | Bought a scroll of vulnerability for 52 gold pieces
 56958 | Vaults:3 | Bought a scroll of vulnerability for 52 gold pieces
 56971 | Vaults:3 | Identified the +3 arbalest of Pyrhud {freeze, +Blink Str+4
                  | Stlth-}
 57198 | Vaults:3 | Received a gift from Okawaru
 57529 | Vaults:3 | Identified the +2 arbalest of Nera {flame, Drain Str+5}
 57581 | Vaults:3 | Identified the +1 plate armour "Bakul" {Str+4 Dex-4 SInv}
 57596 | Vaults:3 | Killed Margery
 57932 | Vaults:3 | Noticed Xtahua
 58030 | Vaults:3 | Killed Xtahua
 58309 | Vaults:3 | Received a gift from Okawaru
 58836 | Vaults:3 | Received a gift from Okawaru
 59111 | Vaults:3 | Reached skill level 15 in Long Blades
 59111 | Vaults:3 | Reached skill level 15 in Axes
 59111 | Vaults:3 | Reached skill level 15 in Maces & Flails
 59111 | Vaults:3 | Reached skill level 15 in Polearms
 59111 | Vaults:3 | Reached skill level 15 in Staves
 59111 | Vaults:3 | Reached skill level 15 in Ranged Weapons
 59111 | Vaults:3 | Reached skill level 15 in Throwing
 59111 | Vaults:3 | Reached skill level 15 in Armour
 59111 | Vaults:3 | Reached skill level 15 in Shields
 59111 | Vaults:3 | Reached skill level 15 in Unarmed Combat
 59111 | Vaults:3 | Reached skill level 15 in Evocations
 59112 | Vaults:3 | Received a gift from Okawaru
 59687 | Vaults:4 | Received a gift from Okawaru
 59710 | Vaults:4 | Reached skill level 17 in Spellcasting
 59758 | Vaults:4 | Noticed Zenata
 59780 | Vaults:4 | Killed Zenata
 60395 | Vaults:4 | Noticed Jory
 60415 | Vaults:4 | Killed Jory
 60904 | Vaults:4 | Reached XP level 22. HP: 113/179 MP: 43/43
 61250 | Vaults:4 | Received a gift from Okawaru
 61472 | Vaults:4 | Received a gift from Okawaru
 61600 | Vaults:4 | Noticed Saint Roka
 61629 | Vaults:4 | Killed Saint Roka
 61972 | Vaults:4 | Received a gift from Okawaru
 62949 | Elf:1    | Entered Level 1 of the Elven Halls
 62967 | Elf:1    | Found a frozen archway.
 63082 | IceCv    | Entered an ice cave
 63713 | IceCv    | Learned a level 6 spell: Starburst
 63900 | Elf:1    | Received a gift from Okawaru
 63911 | Elf:1    | Reached skill level 18 in Spellcasting
 64549 | Elf:1    | Found a portal to a secret trove of treasure.
 65171 | Elf:2    | Found a runed translucent gate.
 65171 | Elf:2    | Found a runed translucent gate.
 65172 | Elf:2    | Found a runed translucent gate.
 65572 | Elf:2    | Identified the +3 scale mail "Puvaczed" {rElec}
 65866 | Elf:3    | Entered Level 3 of the Elven Halls
 66467 | Elf:3    | Reached XP level 23. HP: 187/187 MP: 45/45
 66616 | Elf:3    | Received a gift from Okawaru
 66717 | Elf:3    | Found Uxzohodi's Weapon Shoppe.
 67170 | Elf:3    | Received a gift from Okawaru
 68308 | Elf:3    | Identified the +0 leather armour "Uditz" {Int+3 Stlth+}
 68357 | Elf:3    | Identified the +11 scimitar "Ruigiecw" {pain, Fragile rC-
                  | rCorr Int+7}
 68521 | Elf:3    | Identified the ring "Domo" {rElec rN+ rCorr Slay+2}
 68743 | Elf:3    | Identified the +0 ring mail of Charity {-Tele MP+9 Dex+5}
 68759 | Elf:3    | Identified the ring "Kieck" {rElec AC+4}
 68979 | Elf:3    | Reached skill level 19 in Spellcasting
 69855 | Depths:1 | Entered Level 1 of the Depths
 70491 | Depths:1 | Acquired the +3 pair of gauntlets of War {Slay+5}
 70491 | Depths:1 | Found the +3 pair of gauntlets of War {Slay+5}
 70537 | Depths:1 | Received a gift from Okawaru
 70814 | Depths:1 | Found Ruifelaqa's Armour Emporium.
 70931 | Depths:1 | Found a gateway to Hell.
 70966 | Depths:1 | Received a gift from Okawaru
 71368 | Depths:2 | Found a corrupted altar of Lugonu.
 71368 | Depths:2 | Found a one-way gate to the infinite horrors of the Abyss.
 71470 | Depths:2 | Identified the +0 robe "Qeuxzid" {god gift, rPois} (Okawaru
                  | gifted it to you on level 2 of the Depths)
 71470 | Depths:2 | Received a gift from Okawaru
 71779 | Depths:2 | Found a one-way gate leading to the halls of Pandemonium.
 71934 | Depths:2 | Found a stormy altar of Qazlal.
 71946 | Depths:2 | Learned a level 4 spell: Manifold Assault
 71957 | Depths:2 | Found a one-way gateway to a ziggurat.
 72012 | Depths:2 | Learned a level 5 spell: Borgnjor's Vile Clutch
 72042 | Depths:2 | Reached XP level 24. HP: 185/197 MP: 46/46
 72195 | Depths:2 | Found Woxolauv's Antique Armour Shoppe.
 72203 | Depths:2 | Bought a pair of ancient boots for 313 gold pieces
 72203 | Depths:2 | Identified the +2 pair of boots "Bilimox" {Rampage rPois}
                  | (You bought it in a shop on level 2 of the Depths)
 72203 | Depths:2 | Bought a brightly glowing helmet for 313 gold pieces
 72203 | Depths:2 | Identified the +1 helmet of Whack-A-Mole {Dex+2} (You
                  | bought it in a shop on level 2 of the Depths)
 72203 | Depths:2 | Bought an embroidered cloak for 247 gold pieces
 72345 | Depths:2 | Reached skill level 15 in Ice Magic
 72919 | Depths:3 | Found Aruixzal's Assorted Antiques.
 72923 | Depths:3 | Found Udyicefi's Book Shoppe.
 72924 | Depths:3 | Found Sepruec's Magic Scroll Emporium.
 72931 | Depths:3 | Bought a book of Ice for 920 gold pieces
 72937 | Depths:3 | Learned a level 5 spell: Freezing Cloud
 72939 | Depths:3 | Bought a scroll of teleportation for 66 gold pieces
 72939 | Depths:3 | Bought a scroll of blinking for 165 gold pieces
 72939 | Depths:3 | Bought a scroll of enchant armour for 165 gold pieces
 72939 | Depths:3 | Bought a scroll of teleportation for 66 gold pieces
 73497 | Depths:3 | Found Cupawesi's Armour Emporium.
 74292 | Depths:4 | Entered Level 4 of the Depths
 74338 | Depths:4 | Noticed Boris
 74357 | Depths:4 | Killed Boris
 74446 | Depths:4 | Reached skill level 20 in Spellcasting
 74521 | Depths:4 | Noticed Frederick
 74524 | Depths:4 | Killed Frederick
 75416 | Depths:4 | Identified the +1 scale mail "Vyegiaf" {god gift, +Inv
                  | rCorr Stlth+} (Okawaru gifted it to you on level 4 of the
                  | Depths)
 75416 | Depths:4 | Received a gift from Okawaru
 75556 | Depths:4 | Found Wuluh's Weapon Shoppe.
 76486 | Depths:4 | Found a gate to the Realm of Zot.
 76587 | Depths:4 | Found a white marble altar of Elyvilon.
 77250 | Vaults:5 | Entered Level 5 of the Vaults
 77252 | Vaults:5 | Found Ciujor's Assorted Antiques.
 77490 | Vaults:5 | Noticed an ancient lich
 77519 | Vaults:5 | Killed an ancient lich
 77520 | Vaults:5 | Reached XP level 25. HP: 177/204 MP: 41/47
 78468 | Vaults:5 | Identified the +6 scale mail of Ajommuth {god gift, Slay+3}
                  | (Okawaru gifted it to you on level 5 of the Vaults)
 78468 | Vaults:5 | Received a gift from Okawaru
 78559 | Vaults:5 | Reached skill level 21 in Spellcasting
 78620 | Vaults:5 | Reached skill level 15 in Conjurations
 78620 | Vaults:5 | Reached skill level 15 in Hexes
 78620 | Vaults:5 | Reached skill level 15 in Summonings
 78620 | Vaults:5 | Reached skill level 15 in Necromancy
 78620 | Vaults:5 | Reached skill level 15 in Translocations
 78620 | Vaults:5 | Reached skill level 15 in Transmutations
 78620 | Vaults:5 | Reached skill level 15 in Fire Magic
 78620 | Vaults:5 | Reached skill level 15 in Air Magic
 78620 | Vaults:5 | Reached skill level 15 in Earth Magic
 78620 | Vaults:5 | Reached skill level 15 in Poison Magic
 79194 | Vaults:5 | Bought an embroidered hat for 301 gold pieces
 79194 | Vaults:5 | Bought 2 scrolls of silence for 817 gold pieces
 79194 | Vaults:5 | Bought a potion of lignification for 129 gold pieces
 79199 | Vaults:5 | Got the Almanac of the Inferno
 79350 | Vaults:5 | Noticed a dread lich
 79382 | Vaults:5 | Killed a dread lich
 79622 | Vaults:5 | Identified the +6 short sword "Haytoqo Fov" {protect, rElec
                  | rPois}
 79626 | Vaults:5 | Identified the +4 dagger of Tach {freeze, rC+ rCorr Dex-5}
 79701 | Vaults:5 | Got a silver rune of Zot
 80133 | Vaults:5 | Learned a level 4 spell: Olgreb's Toxic Radiance
 80137 | Vaults:5 | Learned a level 3 spell: Mephitic Cloud
 80472 | Zot:1    | Entered Level 1 of the Realm of Zot
 81118 | Zot:1    | Identified the +1 pair of gloves of Boredom {god gift, Harm
                  | Str+4 Dex+4} (Okawaru gifted it to you on level 1 of the
                  | Realm of Zot)
 81118 | Zot:1    | Received a gift from Okawaru
 82933 | Zot:2    | Reached XP level 26. HP: 54/213 MP: 48/48
 85206 | Zot:3    | Found a transporter.
 85514 | Zot:3    | Found a transporter.
 85526 | Zot:3    | Noticed an orb of fire
 85545 | Zot:3    | Killed an orb of fire
 85845 | Zot:3    | You fall into a shaft and drop 1 floor!
 85894 | Zot:4    | Reached skill level 22 in Spellcasting
 85992 | Zot:4    | HP: 9/215 [golden dragon/bolt of cold (7)]
 86186 | Zot:4    | Identified the +3 flail "Aubergine" {protect, rN+}
 87526 | Slime:1  | Entered Level 1 of the Pits of Slime
 88005 | Slime:3  | Gained mutation: Armour fits poorly on your strangely
                  | shaped body. [a shining eye]
 88018 | Slime:2  | Received a gift from Okawaru
 88760 | Vaults:5 | Bought a potion of curing for 129 gold pieces
 88760 | Vaults:5 | Bought a scroll of amnesia for 172 gold pieces
 89378 | Slime:4  | Gained mutation: Your body sometimes deteriorates upon
                  | taking damage. [a shining eye]
 89816 | Slime:5  | Entered Level 5 of the Pits of Slime
 89897 | Slime:5  | Gained mutation: You are partially covered in iridescent
                  | scales. (AC +2) [a shining eye]
 90714 | Slime:5  | Received a gift from Okawaru
 90859 | Slime:5  | Noticed the Royal Jelly
 91018 | Slime:5  | Found a viscous altar of Jiyva.
 91148 | Slime:5  | Killed the Royal Jelly
 91493 | Slime:5  | Got a slimy rune of Zot
 91494 | Slime:5  | Identified the +0 fire dragon scales of Pleasant Breezes
                  | {*Slow rF++ rC- Str-4 Dex+8 SInv}
 91515 | Slime:5  | Identified the +0 plate armour "Wagriymm" {rPois rC- rCorr
                  | Stlth+}
 91519 | Slime:5  | Got the Octavo of Inhalation
 91524 | Slime:5  | Identified the +4 battleaxe "Yggocs" {drain, Int+3 Dex-4}
 92227 | Crypt:1  | Entered Level 1 of the Crypt
 93134 | Crypt:1  | Noticed Khufu
 93251 | Crypt:1  | Noticed a royal mummy
 93447 | Crypt:1  | Noticed a royal mummy
 93926 | Zot:3    | Noticed an orb of fire
 94773 | Zot:4    | Reached XP level 27. HP: 151/220 MP: 49/49
 96393 | Zot:4    | Received a gift from Okawaru
 96470 | Zot:5    | Entered Level 5 of the Realm of Zot
 98314 | Zot:5    | Received a gift from Okawaru
 98505 | Zot:5    | Noticed a dread lich
 98532 | Zot:5    | Reached skill level 23 in Spellcasting
 98546 | Zot:5    | Killed a dread lich
 98805 | Zot:5    | Received a gift from Okawaru
 98870 | Zot:5    | Noticed an ancient lich
 98871 | Zot:5    | Noticed an orb of fire
 98872 | Zot:5    | Gained mutation: You are clumsy. (Dex -2) [an orb of fire]
 98900 | Zot:5    | Killed an orb of fire
 98909 | Zot:5    | Killed an ancient lich
 99186 | Zot:5    | Noticed an orb of fire
 99190 | Zot:5    | Noticed an orb of fire
 99192 | Zot:5    | Noticed an orb of fire
 99194 | Zot:5    | Noticed an orb of fire
 99195 | Zot:5    | Gained mutation: Your body often deteriorates upon taking
                  | damage. [an orb of fire]
 99202 | Zot:5    | Noticed an orb of fire
 99208 | Zot:5    | Killed an orb of fire
 99211 | Zot:5    | Noticed an orb of fire
 99214 | Zot:5    | Gained mutation: You are dopey. (Int -2) [an orb of fire]
 99215 | Zot:5    | Killed an orb of fire
 99218 | Zot:5    | Killed an orb of fire
 99218 | Zot:5    | Killed an orb of fire
 99221 | Zot:5    | Killed an orb of fire
 99238 | Zot:5    | Noticed an orb of fire
 99239 | Zot:5    | Killed an orb of fire
 99255 | Zot:5    | Killed an orb of fire
 99264 | Zot:5    | Noticed a dread lich
 99287 | Zot:5    | Received a gift from Okawaru
 99303 | Zot:5    | Killed a dread lich
 99778 | Zot:5    | Noticed an orb of fire
 99796 | Zot:5    | Gained mutation: You occasionally lose the ability to drink
                  | potions when taking damage. [an orb of fire]
 99797 | Zot:5    | Killed an orb of fire
 99919 | Zot:5    | Lost mutation: Armour fits poorly on your strangely shaped
                  | body. [potion of mutation]
 99919 | Zot:5    | Lost mutation: You are partially covered in iridescent
                  | scales. (AC +2) [potion of mutation]
 99919 | Zot:5    | Gained mutation: You are frail. (-10% HP) [potion of
                  | mutation]
 99919 | Zot:5    | Gained mutation: You have sharp toenails. [potion of
                  | mutation]
 99919 | Zot:5    | Gained mutation: You are partially covered in iridescent
                  | scales. (AC +2) [potion of mutation]
 99920 | Zot:5    | Lost mutation: Your body often deteriorates upon taking
                  | damage. [potion of mutation]
 99920 | Zot:5    | Lost mutation: You are partially covered in iridescent
                  | scales. (AC +2) [potion of mutation]
 99920 | Zot:5    | Lost mutation: Your body sometimes deteriorates upon taking
                  | damage. [potion of mutation]
 99920 | Zot:5    | Gained mutation: You occasionally lose the ability to read
                  | scrolls when taking damage. [potion of mutation]
 99920 | Zot:5    | Gained mutation: You are partially covered in iridescent
                  | scales. (AC +2) [potion of mutation]
 99921 | Zot:5    | Lost mutation: You occasionally lose the ability to drink
                  | potions when taking damage. [potion of mutation]
 99921 | Zot:5    | Lost mutation: You are clumsy. (Dex -2) [potion of
                  | mutation]
 99921 | Zot:5    | Lost mutation: You have sharp toenails. [potion of
                  | mutation]
 99921 | Zot:5    | Gained mutation: Your system is resistant to poisons.
                  | (rPois) [potion of mutation]
 99921 | Zot:5    | Gained mutation: You have extremely sharp teeth. [potion of
                  | mutation]
 99922 | Zot:5    | Lost mutation: Your system is resistant to poisons. (rPois)
                  | [potion of mutation]
 99922 | Zot:5    | Lost mutation: You have extremely sharp teeth. [potion of
                  | mutation]
 99922 | Zot:5    | Lost mutation: You are frail. (-10% HP) [potion of
                  | mutation]
 99922 | Zot:5    | Gained mutation: You are robust. (+10% HP) [potion of
                  | mutation]
 99922 | Zot:5    | Gained mutation: You have large cloven feet. [potion of
                  | mutation]
 99922 | Zot:5    | Gained mutation: You have supernaturally acute eyesight.
                  | (SInv) [potion of mutation]
 99923 | Zot:5    | Lost mutation: You occasionally lose the ability to read
                  | scrolls when taking damage. [potion of mutation]
 99923 | Zot:5    | Lost mutation: You have large cloven feet. [potion of
                  | mutation]
 99923 | Zot:5    | Lost mutation: You are partially covered in iridescent
                  | scales. (AC +2) [potion of mutation]
 99923 | Zot:5    | Gained mutation: You have sharp toenails. [potion of
                  | mutation]
 99923 | Zot:5    | Gained mutation: Your movements are slightly less
                  | encumbered by armour. (ER -2) [potion of mutation]
100021 | Zot:5    | Got the Orb of Zot
100296 | Depths:1 | Identified the +0 pair of boots of the Vacuum {god gift,
                  | Will+} (Okawaru gifted it to you on level 1 of the Depths)
100296 | Depths:1 | Received a gift from Okawaru
100318 | Depths:1 | Gained mutation: You sometimes lose your temper in combat.
                  | [a cacodemon]
100321 | Depths:1 | Lost mutation: You are robust. (+10% HP) [potion of
                  | mutation]
100321 | Depths:1 | Lost mutation: You have supernaturally acute eyesight.
                  | (SInv) [potion of mutation]
100321 | Depths:1 | Lost mutation: You are dopey. (Int -2) [potion of mutation]
100321 | Depths:1 | Gained mutation: Your spells are a little easier to cast,
                  | but a little less powerful. [potion of mutation]
100321 | Depths:1 | Gained mutation: You have supernaturally acute eyesight.
                  | (SInv) [potion of mutation]
100321 | Depths:1 | Lost mutation: You sometimes lose your temper in combat.
                  | [potion of mutation]
100570 | D:7      | Noticed Weat the pandemonium lord
100647 | D:1      | Noticed Yheomyss the pandemonium lord
100659 | D:$      | Escaped with the Orb!

Illustrated notes

Levels and vault maps discovered:
D:1:      dpeg_arrival_signposts, layout_loops_ring
D:2:      layout_basic, basic_altar, ebering_ecumenical_altar_sacrificial,
          minmay_misc_feat_encased, minmay_surrounded, uniq_sigmund,
          uniq_jessica
D:3:      layout_loops_ring
D:4:      layout_loops_corners
D:5:      layout_loops_ring, fedhas_altar_1, vehumet_statue,
          minmay_temple_entry_gardened_gates, uniq_blork_the_orc
D:6:      layout_rooms, serial_co_window_serial, co_window_paths_a,
          co_window_of_opportunity_a, co_window_of_opportunity_a,
          co_window_of_opportunity_a, co_window_paths_a, co_window_corner_cb,
          co_window_of_opportunity_c, co_window_broadway_c, co_window_4corner_a,
          glass_columns_b, glass_columns_c, glass_columns_a, glass_columns_b,
          glass_columns_a, serial_bayou_ford_a, uniq_menkaure
D:7:      layout_loops_corners, nzn_overflow_gifts_of_might_and_magic,
          enter_bailey_5, lemuel_flamethrower_2
D:8:      layout_gridville, serial_shops, nicolae_shop_trees, fountainhead
D:9:      layout_irregular_city, lair_entry_dummy, david_orc_5,
          bh_circular_ruins
D:10:     minmay_the_grid_octo_tiled_squarecenter
          [minmay_the_grid_octo_tetromino_candy, minmay_the_grid_octo_empty,
          minmay_the_grid_octo_fat_diamond, minmay_the_grid_octo_77,
          minmay_the_grid_square_5x5_megaprize_open,
          minmay_the_grid_square_5x5_n, minmay_the_grid_square_5x5_z,
          minmay_the_grid_square_5x5_minimal, minmay_the_grid_square_5x5_v],
          layout_basic, lemuel_tele_altar, mainiacjoe_overflow_brackets
D:11:     layout_cave_pods, serial_shops, kennysheep_mini_moat
D:12:     layout_basic, kb_lookout_dungeons_type
D:13:     kennysheep_scales, layout_basic, serial_undead, serial_undead_d,
          serial_undead_a, serial_undead_e, serial_undead_f,
          eat_drink_and_be_merry_uskayaw, uniq_nessos
D:14:     minmay_octagon_keep, layout_loops_corners, david_vaults_2,
          okawaru_ov_weapons_minmay, serial_shops, nicolae_shop_trees
D:15:     gammafunk_depths_entry_grave, layout_cave_pools,
          hangedman_decor_clover_reticule, nrook_guardian_serpent_double,
          uniq_jorgrun, uniq_josephine
Temple:   kb_temple_of_zot
Lair:1:   cheibrodos_lair_river_kwai, layout_cave_pods
Lair:2:   dragon1_lemuel, layout_cave_pods, nicolae_swamp_entry_splash_gauntlet,
          guppyfry_snake_entry_island, serial_bayou_shore_a
Lair:3:   layout_cave_pods, gammafunk_ghost_grave, grunt_megastairs_3,
          uniq_gastronok
Lair:4:   layout_cave_pods, nicolae_slime_entry_slimehenge, basic_altar,
          chequers_serial_rivers_micro_b, lemuel_fruit_fields
Lair:5:   due_jungle_book, layout_cave_pods, special_room [special_room_jelly],
          grunt_megastairs_2, uniq_kirke
Swamp:1:  layout_basic_swamp, serial_swamp_ruin, evilmike_swamp_ruin_house_3,
          evilmike_swamp_ruin_rubble_2, evilmike_swamp_ruin_house_1,
          swamp_pool4, hangedman_swamp_pad, nicolae_swamp_snake_nest
Swamp:2:  layout_basic_swamp, ebering_ghost_inner_flame,
          evilmike_swamp_ruin_rubble_1
Swamp:3:  layout_basic_swamp, hangedman_swamp_ruin_wall
Swamp:4:  swamp_old_school, layout_basic_swamp, nicolae_swamp_soggy_hallways,
          uniq_mara, uniq_bai_suzhen
Snake:1:  layout_chambers, uniq_louise
Snake:2:  layout_basic
Snake:3:  layout_cave_town, serial_shops, nicolae_stop_n_shop_2, uniq_donald,
          uniq_mlioglotl, uniq_aizul
Snake:4:  hellmonk_snake_rune_quicksilver_temple, layout_gridlike,
          minmay_shoptagon, grunt_megastairs_1
Slime:1:  layout_caves
Slime:2:  layout_caves
Slime:3:  cheibrodos_slime_lost_civilization_3, layout_caves
Slime:4:  layout_caves
Slime:5
Orc:1:    layout_diamond_mine
Orc:2:    st_orc_rangers, layout_diamond_mine, serial_shops, shop, led_sif_book
Elf:1:    layout_geoelf_grid, portal_ice_cave_entry_ice_simulacra,
          enter_trove_1, minmay_elf_crystal_heptagon
Elf:2:    elven_hall_of_blades_hangedman_original [nooodl_blade_entry_preview],
          layout_loops_corners, lemuel_elevator
Elf:3:    minmay_elf_hall_spiked, layout_geoelf_castle, serial_shops,
          nicolae_shop_statue_plus
Vaults:1: nicolae_vaults_ninety_degrees, grunt_vaults_hallway_short,
          vaults_dpeg_cross, v_rooms_5, nicolae_vaults_c_with_doors,
          vaults_mumra_minichess, v_misc_27, hangedman_vaults_maws,
          ontoclasm_vaults_chip, hangedman_vaults_stretched_pinwheel,
          vaults_dpeg_hooks, grunt_vaults_hallway_short,
          nicolae_vaults_diagonal_hallway_7, layout_vaults_maze_bifur
Vaults:2: minmay_crypt_entry_simple_plaza, vaults_room_ringed_pool,
          nicolae_vaults_little_squares_5, hangedman_vaults_snaps, v_misc_5,
          v_alt_pattern_5, v_misc_14, dpeg_vaults_monster_box,
          hangedman_vaults_stretched_pinwheel, nicolae_vaults_asterisk,
          vaults_dpeg_ring, layout_vaults_omnicross, uniq_mennas
Vaults:3: vaults_room_hangedman_quadrants, vaults_room_corners,
          hangedman_vaults_stagger, grunt_vaults_trifunnel,
          nicolae_vaults_yaktaur_gun_rack, v_pattern_4,
          vaults_mumra_minichess_inversion, grunt_vaults_hallway_short,
          hangedman_vaults_impose, vaults_room_pool,
          ontoclasm_vaults_decontamination, layout_vaults_omnigrid,
          serial_shops, shop_scrolls, uniq_margery, uniq_boris, uniq_xtahua,
          uniq_sojobo
Vaults:4: grunt_vaults_funnel, v_misc_1, v_misc_4, v_misc_9, v_misc_29,
          vaults_room_grid, st_check, nicolae_vaults_rhombus_6,
          layout_vaults_big_room, uniq_saint_roka, uniq_jory, uniq_zenata
Vaults:5: serial_shops
Crypt:1:  layout_basic, uniq_khufu
Depths:1: layout_gridville, serial_shops, shop, grunt_mini_vestibule,
          kennysheep_donut, nicolae_titane, serial_bayou_shore_b
Depths:2: kennysheep_funnel, layout_honeycomb, enter_ziggurat_d,
          abyss_entry_flame_altar, rand_demon_pan_entry_3, serial_shops, shop,
          hell_entry, solitary_fountain, nicolae_qazlal_general_emergency,
          minmay_staircase_bubble
Depths:3: nicolae_moon_pools, layout_basic, pf_hell_entry_tar_river,
          abyss_entry, serial_shops, shop, st_stairs_9, minmay_shop_star,
          uniq_josephina
Depths:4: evilmike_zot_entry_gauntlet, layout_basic, hell_entry,
          rand_demon_pan_entry_7, serial_shops,
          nicolae_shop_bloodbath_and_beyond, elyvilon_altar_1,
          serial_bayou_shore_b, uniq_frederick
Zot:1:    layout_gridville
Zot:2:    layout_cellular_growth
Zot:3:    gammafunk_its_a_trap, layout_concentric_octagons, lemuel_lake_of_fire
Zot:4:    layout_concentric_octagons, zot_minivault_8
Zot:5:    layout_gridlike, grunt_ministairs_10

Skill      XL: |  1  2  3  4  5  6  7  8  9 10 11 12 13 14 15 16 17 18 19 20 21 22 23 24 25 26 27 |
---------------+----------------------------------------------------------------------------------+-----
Stealth        | 10 11 12 13 14 15 16 17 18 19 20 21 | 21.2
Invocations    | 1 2 3 4 5 6 7 8 10 11 12 13 14 15 16 17 18 19 20 21 | 21.0
Long Blades    | 1 2 3 4 5 6 7 8 9 10 11 12 13 14 15 16 17 18 19 | 19.4
Axes           | 1 2 3 4 5 6 7 8 9 10 11 12 13 14 15 16 17 18 19 | 19.4
Maces & Flails | 1 2 3 4 5 6 7 8 9 10 11 12 13 14 15 16 17 18 19 | 19.4
Polearms       | 1 2 3 4 5 6 7 8 9 10 11 12 13 14 15 16 17 18 19 | 19.4
Staves         | 1 2 3 4 5 6 7 8 9 10 11 12 13 14 15 16 17 18 19 | 19.4
Ranged Weapons | 1 2 3 4 5 6 7 8 9 10 11 12 13 14 15 16 17 18 19 | 19.4
Throwing       | 1 2 3 4 5 6 7 8 9 10 11 12 13 14 15 16 17 18 19 | 19.4
Armour         | 1 2 3 4 5 6 7 8 9 10 11 12 13 14 15 16 17 18 19 | 19.4
Shields        | 1 2 3 4 5 6 7 8 9 10 11 12 13 14 15 16 17 18 20 21 22 | 22.5
Unarmed Combat | 1 2 3 4 5 6 7 8 9 10 11 12 13 14 15 16 17 18 19 | 19.4
Spellcasting   | 1 2 3 4 5 6 7 8 9 10 11 12 13 14 16 17 18 19 20 21 22 23 | 23.8
Evocations     | 1 2 3 4 5 6 7 8 9 10 11 12 13 14 15 16 17 18 19 | 19.4
Conjurations   | 1 2 3 4 5 6 7 8 9 10 11 12 13 14 15 16 | 16.6
Hexes          | 1 2 3 4 5 6 7 8 9 10 11 12 13 14 15 16 | 16.6
Summonings     | 1 2 3 4 5 6 7 8 9 10 11 12 13 14 15 16 | 16.6
Necromancy     | 1 2 3 4 5 6 7 8 9 10 11 12 13 14 15 16 | 16.6
Translocations | 1 2 3 4 5 6 7 8 9 10 11 12 13 14 15 16 | 16.6
Transmutations | 1 2 3 4 5 6 7 8 9 10 11 12 13 14 15 16 | 16.6
Fire Magic     | 1 2 3 4 5 6 7 8 9 10 11 12 13 14 15 16 | 16.6
Ice Magic      | 1 2 3 4 5 6 7 8 9 10 11 12 13 14 15 17 18 19 | 19.2
Air Magic      | 1 2 3 4 5 6 7 8 9 10 11 12 13 14 15 16 | 16.6
Earth Magic    | 1 2 3 4 5 6 7 8 9 10 11 12 13 14 15 16 | 16.6
Poison Magic   | 1 2 3 4 5 6 7 8 9 10 11 12 13 14 15 16 | 16.6
Short Blades   | 5 6 7 8 9 10 11 12 13 14 15 16 17 18 19 | 19.9
Dodging        | 5 6 7 8 9 10 11 12 13 14 15 16 17 18 19 | 19.9
Fighting       | 7 8 9 10 11 12 13 14 15 16 17 18 19 20 | 20.3

Action                     |  1- 3 |  4- 6 |  7- 9 | 10-12 | 13-15 | 16-18 | 19-21 | 22-24 | 25-27 || total
---------------------------+-------+-------+-------+-------+-------+-------+-------+-------+-------++-------
  Melee: Short sword       |   157 |    27 |       |       |       |       |    20 |    52 |    16 ||   272
         Bite              |    17 |    21 |    27 |   178 |   291 |   230 |   342 |   331 |   361 ||  1798
         Spear             |       |    88 |    27 |   323 |       |       |       |       |       ||   438
         Dagger            |       |    62 |   185 |   687 |       |       |       |       |       ||   934
         Staff             |       |       |    12 |       |       |       |       |       |       ||    12
         Rapier            |       |       |       |   108 |  1473 |  1473 |  1691 |  1608 |  1642 ||  7995
         Flail             |       |       |       |       |    42 |       |       |    13 |    26 ||    81
         War axe           |       |       |       |       |     1 |       |       |       |       ||     1
   Fire: Sling             |       |       |   189 |       |       |       |       |       |       ||   189
         Hand crossbow     |       |       |       |       |       |       |       |     5 |   357 ||   362
  Throw: Dart              |     1 |     2 |    46 |    50 |    31 |     2 |     9 |     6 |     3 ||   150
         Boomerang         |       |       |     1 |       |     2 |    25 |    49 |   195 |    33 ||   305
         Javelin           |       |       |     1 |    30 |     4 |       |    28 |    29 |   174 ||   266
         Throwing net      |       |       |       |     5 |     3 |       |       |       |     7 ||    15
   Cast: Ensorcelled Hiber |       |       |       |     7 |       |       |       |       |       ||     7
         Iskenderun's Myst |       |       |       |       |       |     8 |    16 |       |       ||    24
         Cause Fear        |       |       |       |       |       |     5 |     5 |       |     1 ||    11
         Silence           |       |       |       |       |       |       |     2 |     2 |     3 ||     7
         Fireball          |       |       |       |       |       |       |       |     7 |       ||     7
         Passwall          |       |       |       |       |       |       |       |     3 |     2 ||     5
         Starburst         |       |       |       |       |       |       |       |    22 |       ||    22
         Airstrike         |       |       |       |       |       |       |       |     5 |       ||     5
         Borgnjor's Vile C |       |       |       |       |       |       |       |    42 |     5 ||    47
         Freezing Cloud    |       |       |       |       |       |       |       |     5 |     1 ||     6
         Metabolic Englaci |       |       |       |       |       |       |       |       |     3 ||     3
 Invoke: Heroism           |       |       |     2 |    19 |    17 |    15 |    15 |     9 |    16 ||    93
         Finesse           |       |       |       |     3 |     5 |     5 |    10 |     5 |     8 ||    36
         Duel              |       |       |       |       |       |       |     1 |       |       ||     1
  Evoke: Wand              |     1 |       |       |     1 |     7 |     2 |     1 |     3 |    12 ||    27
         Phial of floods   |       |       |       |       |     1 |     2 |     3 |     1 |       ||     7
         Lightning rod     |       |       |       |       |     4 |     1 |       |     1 |     4 ||    10
         Condenser vane    |       |       |       |       |       |       |       |     2 |    10 ||    12
    Use: Scroll            |     1 |    12 |       |     8 |    15 |    10 |    18 |     9 |    34 ||   107
         Potion            |       |       |     3 |     1 |     5 |     5 |     4 |     8 |    50 ||    76
   Stab: Sleeping          |    16 |    17 |    11 |    23 |    43 |    35 |    56 |    47 |       ||   248
         Distracted        |       |     1 |       |     1 |     4 |     3 |     5 |     2 |       ||    16
         Held in net/web   |       |       |       |     2 |     3 |       |       |       |       ||     5
         Fleeing           |       |       |       |       |       |       |       |       |     1 ||     1
 Armour: Leather armour    |    43 |    23 |    17 |       |       |       |       |       |       ||    83
         Steam dragon scal |       |       |    18 |    48 |    76 |       |       |       |       ||   142
         Acid dragon scale |       |       |       |    30 |       |       |       |       |       ||    30
         Robe              |       |       |       |     6 |    27 |       |       |       |       ||    33
         Scale mail        |       |       |       |       |    27 |   196 |       |       |       ||   223
         Quicksilver drago |       |       |       |       |       |   102 |   354 |   317 |    13 ||   786
         Skin              |       |       |       |       |       |       |       |     6 |    16 ||    22
         Gold dragon scale |       |       |       |       |       |       |       |       |   682 ||   682
  Dodge: Dodged            |   100 |    52 |    92 |   193 |   426 |   544 |   774 |   618 |   395 ||  3194
  Block: Buckler           |    25 |    13 |       |       |       |       |       |       |       ||    38
         Kite shield       |       |    44 |   202 |   735 |  1322 |  1623 |  1658 |  1575 |  1647 ||  8806
         Reflection        |       |     3 |     6 |    21 |    55 |   147 |    65 |    78 |    34 ||   409

Table legend: (Time is in decaauts)
 A = Elapsed time spent in this place.
 B = Non-inter-level travel time spent in this place.
 C = Inter-level travel time spent in this place.
 D = Time resting spent in this place.
 E = Time spent auto-exploring this place.
 F = Levels seen in this place.
 G = Mean time per level.
                   A        B        C        D        E       F      G
               +--------+--------+--------+--------+--------+-----+--------+
         Total |  98803 |  86633 |  12170 |  30846 |  34119 |  57 | 1733.4 |
       Dungeon |  23511 |  18704 |   4807 |   4022 |   9570 |  15 | 1567.4 |
        Temple |    121 |    106 |     15 |      0 |     92 |   1 |  121.0 |
          Lair |  10514 |   8896 |   1618 |   2603 |   4354 |   5 | 2102.8 |
         Swamp |   6354 |   5938 |    416 |   2151 |   2414 |   4 | 1588.5 |
     Snake Pit |   9203 |   8732 |    471 |   3670 |   3197 |   4 | 2300.8 |
    Slime Pits |   3313 |   2934 |    379 |   1510 |    558 |   5 |  662.6 |
  Orcish Mines |   2184 |   1547 |    637 |    102 |    839 |   2 | 1092.0 |
   Elven Halls |   6076 |   5642 |    434 |   1936 |   2392 |   3 | 2025.3 |
        Vaults |  14866 |  13234 |   1632 |   5312 |   4551 |   5 | 2973.2 |
         Crypt |     86 |     66 |     20 |      4 |     28 |   1 |   86.0 |
        Depths |   7690 |   6565 |   1125 |   1955 |   3188 |   4 | 1922.5 |
           Zot |  11688 |  11077 |    611 |   6075 |   2396 |   5 | 2337.6 |
        Bailey |   2501 |   2501 |      0 |   1189 |    404 |   1 | 2501.0 |
      Ice Cave |    660 |    660 |      0 |    293 |    133 |   1 |  660.0 |
         Arena |     29 |     29 |      0 |     21 |      0 |   1 |   29.0 |
               +--------+--------+--------+--------+--------+-----+--------+

Top non-repeatable levels by time:
Vaults:3: 3875 daAuts
   Elf:3: 3449 daAuts
Vaults:1: 3215 daAuts
   Zot:5: 2933 daAuts
  Lair:4: 2788 daAuts
Vaults:5: 2787 daAuts
   Zot:2: 2764 daAuts
 Snake:3: 2760 daAuts
Vaults:2: 2712 daAuts
   Zot:4: 2704 daAuts
Depths:4: 2566 daAuts
  Bailey: 2501 daAuts
  Lair:5: 2492 daAuts
 Snake:4: 2454 daAuts
 Snake:2: 2322 daAuts
